 Dungeon Crawl Stone Soup version 0.32-a0-17-gb74e046682 (webtiles) character file.

Game seed: 14700342430279878568

29236 Laraso the Fighter (level 13, -2/88 HPs)
             Began as a Kobold Enchanter on Jan 16, 2024.
             Was a High Priest of Dithmenos.
             Slain by a salamander
             ... wielding a +0 spear of flaming
              (12 damage)
             ... in a volcano.
             The game lasted 00:34:31 (17174 turns).

Laraso the Fighter (Kobold Enchanter)              Turns: 17174, Time: 00:34:33

Health: -2/88      AC: 14    Str:  5    XL:     13   Next: 79%
Magic:  17/28      EV: 16    Int: 23    God:    Dithmenos [*****.]
Gold:   902        SH:  0    Dex: 23    Spells: 2/20 levels left

rFire   . . .        a - +2 dagger (venom)
rCold   . . .        (no shield)
rNeg    . . .        r - +4 ring mail "Kivoyclur" {MP+9}
rPois   .            (no helmet)
rElec   .            s - scarf {harm}
rCorr   .            E - +1 pair of gloves {Dex+3}
SInv    .            e - +1 pair of boots
Will    .....        G - amulet of the acrobat
Stlth   +++++++++    i - +6 ring of intelligence
HPRegen 0.34/turn    d - ring of wizardry
MPRegen 0.21/turn

%: harm (+30% outgoing, +20% incoming), acrobat, wizardry (x1)
@: very slightly contaminated, wreathed by umbra
A: small, no large weapons, nightstalker 3
a: Renounce Religion, Shadow Step, Shadow Form


You were in a volcano.
You worshipped Dithmenos.
Dithmenos was extremely pleased with you.
You visited 3 branches of the dungeon, and saw 15 of its levels.
You also visited: Bailey and Volcano.

You collected 902 gold pieces.

Inventory:

Hand Weapons
 a - a +2 dagger of venom (weapon)
 b - a +2 short sword of draining
Missiles
 y - 6 curare-tipped darts (quivered)
Armour
 e - a +1 pair of boots (worn)
 r - the +4 ring mail "Kivoyclur" (worn) {MP+9}
   (You found it on level 3 of the Dungeon)

   MP+9:      It affects your magic capacity (+9).
 s - a scarf of harm (worn)
 E - a +1 pair of gloves of dexterity (worn)
Jewellery
 d - a ring of wizardry (right hand)
 i - a +6 ring of intelligence (left hand)
 u - a ring of resist corrosion
 w - a ring of protection from cold
 D - an amulet of reflection
 G - an amulet of the acrobat (around neck)
 I - an amulet of magic regeneration
Wands
 p - a wand of polymorph (22)
 v - a wand of flame (23)
 F - a wand of paralysis (6)
 L - a wand of mindburst (9)
Scrolls
 g - a scroll of enchant weapon
 m - a scroll of revelation
 n - a scroll of teleportation
 q - 2 scrolls of immolation
 x - 2 scrolls of amnesia
 B - 5 scrolls of identify
 C - 4 scrolls of fog
 H - a scroll of vulnerability
 K - 3 scrolls of brand weapon
Potions
 c - 4 potions of invisibility
 f - 2 potions of enlightenment
 h - 2 potions of brilliance
 j - a potion of heal wounds
 k - a potion of haste
 l - 3 potions of resistance
 o - 6 potions of curing
 t - 2 potions of might
 z - a potion of attraction
 A - 3 potions of berserk rage
 J - a potion of magic


   Skills:
 * Level 13.3 Fighting
 - Level 10.0 Short Blades
 - Level 6.0 Armour
 - Level 8.0 Dodging
 - Level 10.0 Stealth
 - Level 4.0 Spellcasting
 - Level 4.0 Conjurations
 - Level 8.0 Hexes
 - Level 4.0 Translocations
 - Level 4.0 Ice Magic
 - Level 6.0 Invocations
 - Level 6.0 Evocations


You had 2 spell levels left.
You knew the following spells:

 Your Spells              Type           Power      Damage    Failure   Level
a - Ensorcelled Hibernat  Hex/Ice        64%        N/A       2%          2
b - Blink                 Tloc           46%        N/A       4%          2
c - Tukima's Dance        Hex            41%        N/A       1%          3
d - Dazzling Flash        Conj/Hex       64%        N/A       4%          3
e - Confusing Touch       Hex            41%        N/A       1%          3
f - Slow                  Hex            100%       N/A       1%          1
v - Cause Fear            Hex            20%        N/A       6%          4

Your spell library contained the following spells:

 Spells                   Type           Power      Damage    Failure   Level
 Apportation              Tloc           46%        N/A       3%          1
 Lesser Beckoning         Tloc           46%        N/A       4%          2
 Momentum Strike          Conj/Tloc      46%        3d9       4%          2
 Sting                    Conj/Alch      52%        1d6       8%          1
 Necrotise                Necr           16%        1d4       16%         1
 Summon Small Mammal      Summ           16%        N/A       16%         1
 Call Imp                 Summ           8%         N/A       24%         2
 Sublimation of Blood     Necr           4%         N/A       24%         2
 Sigil of Binding         Hex            41%        N/A       1%          3
 Gell's Gravitas          Tloc           23%        N/A       10%         3
 Hailstorm                Conj/Ice       23%        3d7       10%         3
 Teleport Other           Tloc           23%        N/A       10%         3
 Summon Ice Beast         Ice/Summ       13%        N/A       21%         3
 Passage of Golubria      Tloc           23%        N/A       30%         4
 Vampiric Draining        Necr           4%         2d6       43%         3
 Yara's Violent Unravell  Hex/Alch       11%        3d6       61%         5
 Fireball                 Conj/Fire      6%         3d5       86%         5
 Dispersal                Tloc           11%        N/A       99%         6
 Sculpt Simulacrum        Ice/Alch       6%         N/A       100%        6
 Summon Hydra             Summ           2%         N/A       100%        7
 Chain Lightning          Conj/Air       6%         3d8       100%        9
 Dragon's Call            Summ           2%         N/A       100%        9
 Fire Storm               Conj/Fire      6%         8d2       100%        9
 Shatter                  Erth           2%         3d6*      100%        9


Dungeon Overview and Level Annotations

Branches:
Dungeon (10/15)            Temple (1/1) D:4            Lair (4/5) D:8
  Swamp (0/4) Lair:3       Spider (0/4) Lair:3          Orc (0/2) D:9
 Bailey (visited)         Volcano (1/1)
  Slime: Lair:4-5

Altars:
Ashenzari
Cheibriados
Dithmenos
Elyvilon
Fedhas
Gozag
Hepliaklqana
Kikubaaqudgha
Makhleb
Nemelex Xobeh
Okawaru
Qazlal
Ru
Sif Muna
Trog
Uskayaw
Vehumet
Wu Jian
Xom
Yredelemnul
Zin
The Shining One

Shops:
D:1 :   D:7 :

Annotations:
D:4 Edmund


Innate Abilities, Weirdness & Mutations

You are small and have problems with some larger weapons.
You are completely attuned to the shadows.


Message History

The salamander seems to speed up.
The salamander hits you but does no damage.
You barely miss the salamander. The salamander barely misses you.
Casting: Ensorcelled Hibernation (safe; 2% risk of failure)
Confirm with . or Enter, or press ? or * to list all spells.
Aiming: Ensorcelled Hibernation (safe; 2% risk of failure)
Press: ? - help, Shift-Dir - straight line, f - salamander mystic, p - salamander
Aim: a salamander mystic, wielding a +0 dagger and wearing a +0 robe (umbra, chance to affect: 27%)
The salamander is unaffected.
The salamander mystic gestures at the salamander while chanting.
The salamander seems to speed up.
The salamander hits you with a +0 spear of flaming.
You are engulfed in flames!
The salamander burns you.
Casting: Ensorcelled Hibernation (safe; 2% risk of failure)
Confirm with . or Enter, or press ? or * to list all spells.
Casting: Dazzling Flash (mildly dangerous; 4% risk of failure)
Press: ? - help, Dir - look around, f - activate The salamander mystic is dazzled.
The salamander is dazzled.
The salamander hits you with a +0 spear of flaming.
You are engulfed in flames!
The salamander burns you.
Unknown command.
Unknown command.
Casting: Dazzling Flash (mildly dangerous; 4% risk of failure)
Confirm with . or Enter, or press ? or * to list all spells.
Casting: Dazzling Flash (mildly dangerous; 4% risk of failure)
Press: ? - help, Dir - look around, f - activate The salamander hits you with a +0 spear of flaming!
You are engulfed in flames!
* * * LOW HITPOINT WARNING * * *
The salamander burns you.
* * * LOW HITPOINT WARNING * * *
Unknown command.
Okay, then.
Casting: Dazzling Flash (mildly dangerous; 4% risk of failure)
Confirm with . or Enter, or press ? or * to list all spells.
You miscast Blink.
You are very lightly contaminated with residual magic.
Nothing appears to happen.
The salamander hits you from afar with a +0 spear of flaming!
You die...

≈≈≈§≈§≈§§≈≈§§≈≈≈§≈≈≈≈.≈≈≈≈≈
≈
≈§≈§≈≈§≈§§§.≈§≈§.≈≈≈≈≈≈≈≈≈§
§§≈§≈.................≈≈≈§§
≈§≈§§########'########.≈≈≈§
§≈≈§.# #.# #.≈§≈≈ §≈§§.#
#.# #..≈≈≈ §≈≈§.# #.#
#.§≈≈≈ §≈≈§.# #.# #.≈≈≈≈
≈≈§..#### #@# ####.§≈≈≈
≈≈≈§.#... #N# ...#§§§≈§
§≈≈≈.###+ #N# +###§§≈§§
§≈≈≈.#


NN. #.§§§§§ §≈§≈.# .8_8. #.≈§§≈≈≈≈ ≈≈≈§.# +.....+ #§§§≈§≈§§
≈≈§§§#################.§≈≈§≈§≈ ≈§§.§§...§........§...≈.§≈≈§§≈
≈§§§§≈§≈.≈≈≈§≈§≈§§.≈≈.≈≈§§§≈≈≈ You could see a salamander mystic (blind, unable
to see you) and 3 salamanders.

Vanquished Creatures
  Erolcha (D:9)
  A catoblepas (Lair:2)
  A boulder beetle (Lair:2)
  A lindwurm (Lair:4)
  5 elephants (Lair:4)
  2 black mambas (Lair:2)
  11 cane toads
  A gargoyle (Bailey)
  A torpor snail (Lair:2)
  Maggie (D:9)
  4 rime drakes
  7 komodo dragons
  A troll (D:9)
  A polar bear (Lair:3)
  A hornet (D:7)
  19 blink frogs
  10 wyverns
  2 fire bats (Volcano)
  25 yaks
  7 basilisks
  2 wargs (D:9)
  A human (D:9)
  Grum (Lair:1)
  A steam dragon (D:7)
  Menkaure (D:6)
  10 water moccasins
  An orc warrior (D:9)
  3 sky beasts
  4 ice beasts
  7 wolves
  4 ogres
  2 centaurs
  4 kobold brigands
  14 bullfrogs
  A gnoll sergeant (D:8)
  2 scorpions
  4 killer bees (D:7)
  9 vampire bats (Bailey)
  5 howler monkeys
  An electric eel (Lair:2)
  7 wolf zombies (Bailey)
  4 lava snakes (Volcano)
  A hound (D:5)
  7 orc priests
  4 bombardier beetles
  A gnoll bouda (D:4)
  2 jellies
  Terence (D:2)
  7 iguanas
  13 orc wizards
  12 gnolls
  6 adders
  A white imp (D:5)
  6 ufetubi
  5 dart slugs
  28 orcs
  A bat (D:2)
  11 endoplasms
  A giant cockroach (D:1)
  8 hobgoblins
  20 jackals
  26 kobolds
  2 quokkas
  8 ball pythons
  3 frilled lizards
  17 goblins
  18 orc zombies (Bailey)
  8 rats
407 creatures vanquished.

Vanquished Creatures (others)
  An orc wizard (D:9)
1 creature vanquished.

Grand Total: 408 creatures vanquished

Notes
Turn   | Place    | Note
-------+----------+-------------------------------------------
     0 | D:1      | Laraso the Kobold Enchanter began the quest for the Orb.
     0 | D:1      | Reached XP level 1. HP: 10/10 MP: 3/3
   207 | D:1      | Reached XP level 2. HP: 15/15 MP: 5/5
   344 | D:1      | Learned a level 2 spell: Ensorcelled Hibernation
   541 | D:1      | Reached XP level 3. HP: 17/19 MP: 6/6
   872 | D:1      | Found Lier's Book Emporium.
  1457 | D:2      | Reached XP level 4. HP: 24/24 MP: 0/7
  1582 | D:2      | Noticed Terence
  1586 | D:2      | Killed Terence
  1587 | D:2      | Reached skill level 5 in Short Blades
  1981 | D:2      | Reached XP level 5. HP: 27/28 MP: 1/8
  2221 | D:3      | Identified the +4 ring mail "Kivoyclur" {MP+9}
  2527 | D:3      | Noticed an ogre
  2539 | D:3      | Killed an ogre
  2540 | D:3      | Reached XP level 6. HP: 30/32 MP: 6/9
  3146 | D:4      | Identified the +5 plate armour of Apathy {Rampage rF-
                  | Str+3}
  3847 | D:4      | Noticed Edmund
  4035 | D:4      | Reached XP level 7. HP: 32/35 MP: 3/10
  4719 | D:4      | Found a staircase to the Ecumenical Temple.
  4725 | Temple   | Entered the Ecumenical Temple
  4742 | Temple   | Became a worshipper of Dithmenos the Shadowed
  4947 | D:5      | Entered Level 5 of the Dungeon
  5071 | D:5      | Found an ornate altar of the Wu Jian Council.
  5189 | D:5      | Reached skill level 10 in Short Blades
  5208 | D:5      | Reached skill level 1 in Armour
  5308 | D:5      | Reached XP level 8. HP: 27/41 MP: 11/11
  5438 | D:5      | Reached * piety under Dithmenos
  6004 | D:6      | Reached skill level 1 in Fighting
  6007 | D:6      | Noticed Menkaure
  6161 | D:6      | Reached skill level 2 in Fighting
  6257 | D:6      | Reached skill level 3 in Fighting
  6428 | D:6      | Reached skill level 4 in Fighting
  6538 | D:6      | Found a glowing silver altar of Zin.
  6538 | D:6      | Found a glowing golden altar of the Shining One.
  6631 | D:6      | Found a hazy altar of Hepliaklqana.
  6699 | D:6      | Killed Menkaure
  6700 | D:6      | Reached XP level 9. HP: 37/52 MP: 15/15
  6704 | D:6      | Learned a level 3 spell: Confusing Touch
  6708 | D:6      | Learned a level 3 spell: Tukima's Dance
  6801 | D:6      | Learned a level 3 spell: Dazzling Flash
  6849 | D:6      | Found a basalt altar of Yredelemnul.
  7001 | D:6      | Reached skill level 5 in Hexes
  7012 | D:6      | Reached ** piety under Dithmenos
  7584 | D:7      | Reached skill level 5 in Stealth
  7584 | D:7      | Reached XP level 10. HP: 56/56 MP: 16/16
  7693 | D:7      | Found a flagged portal.
  7708 | Bailey   | Entered a bailey
  8078 | Bailey   | Reached *** piety under Dithmenos
  8079 | Bailey   | Reached skill level 5 in Fighting
  8212 | Bailey   | Reached skill level 6 in Fighting
  8281 | Bailey   | Noticed a gargoyle
  8286 | Bailey   | Killed a gargoyle
  8287 | Bailey   | Reached skill level 7 in Fighting
  9013 | D:7      | Found Qevucod's Book Emporium.
  9378 | D:8      | Learned a level 2 spell: Blink
  9657 | D:8      | Reached skill level 5 in Invocations
  9755 | D:8      | Found a staircase to the Lair.
 10660 | D:9      | Reached XP level 11. HP: 67/67 MP: 17/17
 10793 | D:9      | Found a staircase to the Orcish Mines.
 10916 | D:9      | Noticed Erolcha
 10918 | D:9      | Killed Erolcha
 10919 | D:9      | Reached skill level 10 in Stealth
 10995 | D:9      | Reached **** piety under Dithmenos
 11083 | D:9      | Reached skill level 5 in Dodging
 11247 | D:9      | Noticed Maggie
 11252 | D:9      | Killed Maggie
 12130 | D:10     | Entered Level 10 of the Dungeon
 12170 | Lair:1   | Entered Level 1 of the Lair of Beasts
 12316 | Lair:1   | Reached skill level 5 in Armour
 12409 | Lair:1   | Reached skill level 1 in Evocations
 12507 | Lair:1   | Reached XP level 12. HP: 64/72 MP: 18/18
 12702 | Lair:1   | Reached skill level 5 in Evocations
 12712 | Lair:1   | Reached ***** piety under Dithmenos
 13048 | Lair:1   | Reached skill level 1 in Conjurations
 13048 | Lair:1   | Reached skill level 1 in Translocations
 13105 | Lair:1   | Reached skill level 1 in Ice Magic
 13140 | Lair:1   | Noticed Grum
 13201 | Lair:1   | Killed Grum
 13360 | Lair:1   | Learned a level 1 spell: Slow
 13365 | Lair:1   | Learned a level 4 spell: Cause Fear
 13405 | Lair:2   | Noticed a boulder beetle
 13409 | Lair:2   | Killed a boulder beetle
 13678 | Lair:2   | Reached skill level 8 in Fighting
 13711 | Lair:2   | Reached XP level 13. HP: 79/79 MP: 19/19
 13800 | Lair:2   | Noticed a catoblepas
 13817 | Lair:2   | Killed a catoblepas
 13818 | Lair:2   | Reached skill level 9 in Fighting
 14097 | Lair:2   | Reached skill level 10 in Fighting
 14291 | Lair:2   | Reached skill level 11 in Fighting
 15183 | Lair:3   | Reached skill level 12 in Fighting
 15259 | Lair:3   | Found a staircase to the Swamp.
 15259 | Lair:3   | Noticed an eleionoma
 15863 | Lair:3   | Found a hole to the Spider Nest.
 16603 | Lair:4   | Reached skill level 13 in Fighting
 16781 | Lair:4   | Found a dark tunnel.
 16788 | Volcano  | Entered a volcano
 17165 | Volcano  | Found a burning altar of Makhleb.
 17174 | Volcano  | Slain by a salamander

Illustrated notes

Levels and vault maps discovered:
D:1:      evilmike_arrival_rings, layout_loops_ring, serial_shops, shop,
          feat_on_display
D:2:      layout_rooms, uniq_terence
D:3:      layout_basic, minmay_ogre_servants
D:4:      layout_basic, minmay_temple_entry_drinking_statues, uniq_edmund
D:5:      layout_cave_pools, general_overflow_altar
D:6:      layout_loops_ring, nicolae_overflow_macrodata_refinement,
          minivault_11, uniq_menkaure
D:7:      layout_layer_cave, serial_shops, shop, lightli_bailey_entry_fortress
D:8:      layout_loops_cross, lair_entry_dummy, minmay_misc_feat_four_crosses,
          serial_library_hellmonk_statue_hall
D:9:      layout_irregular_city, erik_orc_4, uniq_maggie, uniq_erolcha
D:10:     layout_gridville, serial_shops, kennysheep_mini, grunt_ministairs_6
Temple:   bh_familiar_temple
Lair:1:   layout_hall_layers, grunt_megastairs_3, uniq_grum
Lair:2:   regret_index_malice_mire, layout_chaotic_city, serial_bayou_shore_a
Lair:3:   layout_regular_city, alex1729_swamp_entry_worm_eleionoma,
          spider_nest_entry_web_field
Lair:4:   layout_small_grid, enter_volcano_4
Volcano:  volcano_lake [vl_original]

Skill      XL: |  1  2  3  4  5  6  7  8  9 10 11 12 13 |
---------------+----------------------------------------+-----
Short Blades   | 2 3 4 5 7 8 10 | 10.0
Armour         | 2 4 6 |  6.0
Fighting       | 4 7 8 13 | 13.3
Spellcasting   | 4 |  4.0
Hexes          | 8 |  8.0
Stealth        | 5 7 10 | 10.0
Dodging        | 3 8 |  8.0
Invocations    | 6 |  6.0
Evocations     | 2 6 |  6.0
Conjurations   | 4 |  4.0
Translocations | 4 |  4.0
Ice Magic      | 4 |  4.0

Action                     |  1- 3 |  4- 6 |  7- 9 | 10-12 | 13-15 || total
---------------------------+-------+-------+-------+-------+-------++-------
  Melee: Dagger            |    97 |    92 |   222 |   610 |   157 ||  1178
         Punch             |       |       |     3 |    12 |     2 ||    17
   Cast: Ensorcelled Hiber |    17 |    35 |    33 |    70 |    47 ||   202
         Dazzling Flash    |       |       |       |    17 |    21 ||    38
         Confusing Touch   |       |       |       |     4 |     1 ||     5
         Slow              |       |       |       |     1 |       ||     1
         Cause Fear        |       |       |       |       |     1 ||     1
         Blink             |       |       |       |       |     1 ||     1
  Evoke: Wand              |       |       |     3 |       |       ||     3
    Use: Scroll            |     2 |     4 |     6 |     6 |     7 ||    25
         Potion            |       |       |       |     1 |     1 ||     2
   Stab: Sleeping          |    20 |    29 |    31 |    88 |    41 ||   209
         Distracted        |       |       |     3 |     3 |       ||     6
         Invisible         |       |       |       |    16 |    15 ||    31
         Confused          |       |       |       |     4 |       ||     4
 Armour: Robe              |    31 |    23 |       |       |       ||    54
         Ring mail         |       |    11 |    83 |   241 |    89 ||   424
  Dodge: Dodged            |    75 |    59 |    71 |   334 |   121 ||   660
  Block: Other             |       |       |       |    85 |    18 ||   103

Table legend: (Time is in decaauts)
 A = Elapsed time spent in this place.
 B = Non-inter-level travel time spent in this place.
 C = Inter-level travel time spent in this place.
 D = Time resting spent in this place.
 E = Time spent auto-exploring this place.
 F = Levels seen in this place.
 G = Mean time per level.
                   A        B        C        D        E       F      G
               +--------+--------+--------+--------+--------+-----+--------+
         Total |  16685 |  15971 |    714 |   2484 |  10149 |  17 |  981.5 |
       Dungeon |  11227 |  10706 |    521 |   1556 |   7197 |  10 | 1122.7 |
        Temple |     33 |      2 |     31 |      0 |      0 |   1 |   33.0 |
          Lair |   4505 |   4344 |    161 |    843 |   2618 |   4 | 1126.2 |
        Bailey |    536 |    536 |      0 |      0 |    307 |   1 |  536.0 |
       Volcano |    382 |    382 |      0 |     85 |     26 |   1 |  382.0 |
               +--------+--------+--------+--------+--------+-----+--------+

Top non-repeatable levels by time:
  Lair:2: 1694 daAuts
     D:9: 1497 daAuts
     D:4: 1392 daAuts
     D:7: 1367 daAuts
     D:1: 1363 daAuts
     D:3: 1353 daAuts
     D:8: 1193 daAuts
  Lair:1: 1182 daAuts
     D:6: 1164 daAuts
  Lair:3: 1149 daAuts
     D:5: 1136 daAuts
     D:2: 756 daAuts
  Bailey: 536 daAuts
  Lair:4: 478 daAuts
 Volcano: 382 daAuts
